 Dungeon Crawl Stone Soup version 0.30.1-3-gfc49f6343a (webtiles) character file.

Game seed: 39736006611853309

2118 Almogavar the Carver (level 9, -1/70 (79) HPs)
             Began as a Minotaur Berserker on Aug 2, 2023.
             Was an Elder of Trog.
             Slain by a wight
             ... wielding a +5 trident
              (11 damage)
             ... on level 7 of the Dungeon.
             The game lasted 00:14:21 (6281 turns).

Almogavar the Carver (Minotaur Berserker)           Turns: 6281, Time: 00:14:22

HP:   -1/70 (79)    AC: 12    Str: 26    XL:     9   Next: 8%
MP:   8/8           EV: 11    Int:  4    God:    Trog [****..]
Gold: 266           SH:  5    Dex: 16    Spells: 8/8 levels left

rFire   + . .        a - +1 falchion
rCold   + . .        (no shield)
rNeg    . . .        q - +0 chain mail "Suwnus" {Contam rF+ rC+ Dex+6}
rPois   .            (helmet restricted)
rElec   .            y - +1 cloak
rCorr   .            (no gloves)
SInv    .            (no boots)
Will    ++...        s - amulet of reflection Stlth
                     (no ring)
HPRegen 1.31/turn    (no ring)
MPRegen 0.11/turn

%: reflection
@: strong-willed, on berserk cooldown, regenerating, slowed, heavily drained,
very slow
A: horns 2, retaliatory headbutt
a: Renounce Religion, Berserk, Trog's Hand, Brothers in Arms


You were on level 7 of the Dungeon.
You worshipped Trog.
Trog was greatly pleased with you.
You visited 1 branch of the dungeon, and saw 7 of its levels.
You also visited: Sewer and Ossuary.

You collected 266 gold pieces.

Inventory:

Hand Weapons
 a - a +1 falchion (weapon)
Armour
 f - a +0 plate armour
 l - an orb of mayhem
 q - the +0 chain mail "Suwnus" (worn) {Contam rF+ rC+ Dex+6}
   (You found it on level 2 of the Dungeon)

   Dex:       It affects your dexterity (+6).
   rF:        It protects you from fire.
   rC:        It protects you from cold.
   Contam:    It causes magical contamination when unequipped.
 y - a +1 cloak (worn)
Jewellery
 i - a ring of ice
 j - a ring of ice
 s - an amulet of reflection (around neck)
Wands
 m - a wand of flame (18)
 u - a wand of roots (10)
 x - a wand of charming (33)
Scrolls
 d - a scroll of teleportation
 e - a scroll of butterflies
 g - a scroll of enchant armour
 t - 2 scrolls of enchant weapon
Potions
 b - a potion of cancellation
 c - 3 potions of flight
 k - 3 potions of might
 n - a potion of berserk rage
 o - 6 potions of mutation {unknown}
 p - 5 potions of heal wounds {unknown}
 r - a potion of curing {unknown}
 v - 3 potions of haste {unknown}


   Skills:
 + Level 7.2 Fighting
 + Level 10.7 Long Blades
 + Level 6.7 Armour
 + Level 4.0 Dodging
 + Level 2.9 Shields


You had 8 spell levels left.
You didn't know any spells.
Your spell library was empty.

Dungeon Overview and Level Annotations

Branches:
Dungeon (7/15)             Temple (0/1) D:4           Sewer (visited)
Ossuary (visited)

Altars:

Shops:
D:1 ?!(   D:6 [


Innate Abilities, Weirdness & Mutations

You have a pair of horns on your head.
You reflexively headbutt those who attack you in melee.


Message History

a +5 dagger of freezing; a +0 robe You slash the wight!
The wight is almost destroyed.
You closely miss the wight.
The wight is almost destroyed.
The wight hits you with a +5 trident.
You feel drained. The wight barely misses you.
You completely miss the wight.
The wight is almost destroyed.
You closely miss the wight. Your headbutt misses the wight.
The wight is almost destroyed.
The wight hits you with a +5 trident! The wight closely misses you.
You furiously retaliate!
You headbutt the wight!
You destroy the wight!
Trog accepts your kill.
You closely miss the wight.
You are no longer berserk.
You are exhausted.
You feel yourself slow down.
You barely miss the wight. Your headbutt misses the wight.
The wight hits you with a +5 trident!
* * * LOW HITPOINT WARNING * * *
You feel drained.
* * * LOW HITPOINT WARNING * * *
You completely miss the wight. Your headbutt misses the wight.
The wight hits you but does no damage. You block the wight's attack.
You hit the wight but do no damage. The wight hits you with a +5 trident.
* * * LOW HITPOINT WARNING * * *
You hit the wight.
The wight is moderately damaged.
The wight hits you with a +5 trident.
* * * LOW HITPOINT WARNING * * *
You feel drained.
You barely miss the wight.
The wight is moderately damaged.
The wight barely misses you.
Your skin crawls.
You feel strong-willed. The wight hits you with a +5 trident!
You die...

#..##...# #..##...##
..###...# # ..# #...## ##
#.# ##...## ##. #.#
##....###.. #
#.###.....##... ...
#####.............#
.....###)@†.............##
.........z####............
.......).## ###..........
..........# #..........
...........# #.........##
............# #.........##
............##.........##
...............#..........#
....................#......#
#


You could see a wight.

Vanquished Creatures
  2 wraiths (Ossuary)
  2 water moccasins
  An orc warrior (D:6)
  Pargi (Sewer)
  A black bear (D:6)
  A centaur (D:7)
  A phantom (D:5)
  A bullfrog (D:6)
  2 scorpions
  5 wights
  3 howler monkeys
  A jelly (D:6)
  2 orc priests
  4 hounds
  A sleepcap (D:6)
  Jessica (D:3)
  2 iguanas
  2 orc wizards (D:6)
  10 adders
  A shadow imp (D:6)
  A white imp (D:5)
  3 worms
  2 dart slugs
  18 orcs
  11 ball pythons
  8 bats
  8 endoplasms
  12 giant cockroaches
  9 goblins
  2 hobgoblins
  9 jackals
  7 kobolds
  3 quokkas
  A ball python skeleton (Ossuary)
  7 frilled lizards
  2 hobgoblin skeletons (Ossuary)
  4 hobgoblin zombies (Ossuary)
  A kobold zombie (Ossuary)
  2 orc zombies (Ossuary)
  8 rats
162 creatures vanquished.

Notes
Turn   | Place    | Note
-------+----------+-------------------------------------------
     0 | D:1      | Almogavar the Minotaur Berserker began the quest for the
                  | Orb.
     0 | D:1      | Reached XP level 1. HP: 19/19 MP: 0/0
    41 | D:1      | Found Vocuomi's Magic Scroll Shop.
    89 | D:1      | Reached skill level 4 in Long Blades
    89 | D:1      | Reached XP level 2. HP: 23/27 MP: 1/1
   135 | D:1      | Found Naocoad's Antique Weapon Emporium.
   323 | D:1      | Reached ** piety under Trog
   366 | D:1      | Found Saet Kad's Distillery.
   585 | D:1      | Reached XP level 3. HP: 33/33 MP: 2/2
   990 | D:2      | Identified the +1 robe of Ryurphy {Dex+6}
  1469 | D:2      | Found a faded altar of an unknown god.
  1480 | D:2      | Reached XP level 4. HP: 40/41 MP: 3/3
  1817 | D:2      | Identified the +0 chain mail "Suwnus" {Contam rF+ rC+
                  | Dex+6}
  1988 | D:3      | Reached skill level 5 in Long Blades
  2116 | D:3      | Noticed Jessica
  2120 | D:3      | Killed Jessica
  2120 | D:3      | Reached *** piety under Trog
  2592 | D:3      | Reached XP level 5. HP: 16/47 MP: 4/4
  2944 | D:4      | Reached skill level 6 in Long Blades
  2985 | D:4      | Reached skill level 5 in Fighting
  3025 | D:4      | Found a sand-covered staircase.
  3030 | Ossuary  | Entered an ossuary
  3124 | Ossuary  | Noticed a flying skull
  3124 | Ossuary  | Noticed a wraith
  3131 | Ossuary  | Noticed a flying skull
  3157 | Ossuary  | Noticed a flying skull
  3165 | Ossuary  | Noticed a wraith
  3175 | Ossuary  | Killed a wraith
  3176 | Ossuary  | Reached XP level 6. HP: 53/56 MP: 5/5
  3234 | Ossuary  | Noticed a flying skull
  3244 | Ossuary  | Reached skill level 7 in Long Blades
  3329 | Ossuary  | Noticed a wraith
  3339 | Ossuary  | Killed a wraith
  3340 | Ossuary  | Reached XP level 7. HP: 60/61 MP: 6/6
  3764 | D:4      | Found a staircase to the Ecumenical Temple.
  3854 | D:4      | Reached skill level 8 in Long Blades
  4294 | D:5      | Entered Level 5 of the Dungeon
  4495 | D:5      | Reached skill level 1 in Shields
  4501 | D:5      | HP: 3/62 [poisoned by a water moccasin]
  4769 | D:5      | Reached skill level 5 in Armour
  4934 | D:6      | Reached XP level 8. HP: 70/70 MP: 7/7
  4944 | D:6      | Reached skill level 9 in Long Blades
  4986 | D:6      | Reached **** piety under Trog
  5055 | D:6      | Found a glowing drain.
  5091 | Sewer    | Entered a sewer
  5112 | Sewer    | Noticed Pargi
  5120 | Sewer    | Killed Pargi
  5352 | D:6      | Found Ydenyhier's Antique Armour Shoppe.
  5390 | D:6      | Reached skill level 10 in Long Blades
  6265 | D:7      | Reached XP level 9. HP: 54/76 MP: 8/8
  6281 | D:7      | Slain by a wight

Illustrated notes

Levels and vault maps discovered:
D:1:      nagdon_arrival_zigzag_paths, layout_loops_ring, serial_shops, shop,
          shop, shop, minivault_11
D:2:      layout_loops_corners, hellmonk_ecumenical_altar_dog_temple,
          minmay_misc_feat_more_columns
D:3:      layout_loops_ring, minivault_27, kennysheep_jessica_study
D:4:      layout_basic, minmay_temple_entry_mini_moons,
          nicolae_ossuary_entry_false_entrances
D:5:      layout_basic, grunt_decor_one_mirror
D:6:      layout_basic, gup_sewer_entry_glass, serial_shops,
          nicolae_shop_crystal
D:7:      layout_layer_cave, serial_shops, shop

Skill      XL: |  1  2  3  4  5  6  7  8 |
---------------+-------------------------+-----
Long Blades    | 4 5 6 7 8 10 | 10.7
Fighting       | 4 5 6 7 |  7.2
Dodging        | 3 4 |  4.0
Armour         | 3 4 5 6 |  6.7
Shields        | 1 2 |  2.9

Action                     |  1- 3 |  4- 6 |  7- 9 || total
---------------------------+-------+-------+-------++-------
  Melee: Falchion          |    94 |   143 |   186 ||   423
         Headbutt          |    12 |    27 |    42 ||    81
         Punch             |     2 |       |     2 ||     4
 Invoke: Berserk           |       |     1 |     2 ||     3
         Trog's Hand       |       |       |     2 ||     2
    Use: Scroll            |     3 |     7 |     5 ||    15
         Potion            |       |       |     3 ||     3
   Stab: Sleeping          |       |     2 |       ||     2
 Armour: Animal skin       |     8 |       |       ||     8
         Robe              |     9 |     2 |       ||    11
         Chain mail        |       |    53 |    63 ||   116
  Dodge: Dodged            |    56 |    70 |    74 ||   200
  Block: Other             |       |     9 |    46 ||    55
